 Dungeon Crawl Stone Soup version 0.30-a0-760-g5a9884bb7c (webtiles) character file.

Game seed: 9530299965480513639

17558 boo the Fencer (level 12, -4/113 HPs)
             Began as a Minotaur Fighter on Feb 11, 2023.
             Was a High Priest of Okawaru.
             Slain by a five-headed hydra (6 damage)
             ... while petrified by a basilisk
             ... on level 2 of the Lair of Beasts.
             The game lasted 00:18:48 (12800 turns).

boo the Fencer (Minotaur Fighter)                  Turns: 12800, Time: 00:18:49

Health: -4/113     AC: 25    Str: 26    XL:     12   Next: 19%
Magic:  11/11      EV:  2    Int:  8    God:    Okawaru [*****.]
Gold:   1073       SH:  0    Dex: 10    Spells: 11/11 levels left

rFire   + . .      SeeInvis .    b - +1 scimitar (flame)
rCold   + + .      Faith    .    c - +0 buckler
rNeg    + + +      Spirit   .    D - +8 chain mail "Bajemm" {Stlth+}
rPois   ∞          Reflect  .    S - +2 hat "Akhupyv" {Int+3}
rElec   .          Harm     .    y - scarf {rC+ rF+}
rCorr   .          Rampage  .    t - +0 pair of gloves
Will    .....                    r - +0 pair of boots Stlth
                                 (no amulet)
HPRegen 0.38/turn                e - ring of protection from cold
MPRegen 0.12/turn                G - ring of poison resistance

@: petrified, studying Maces & Flails
A: horns 2, retaliatory headbutt
a: Renounce Religion, Heroism, Finesse, Duel


You were on level 2 of the Lair of Beasts.
You worshipped Okawaru.
Okawaru was extremely pleased with you.
You visited 3 branches of the dungeon, and saw 13 of its levels.

You collected 1073 gold pieces.

Inventory:

Hand Weapons
 a - a +0 demon blade
 b - a +1 scimitar of flaming (weapon)
 j - a +0 long sword
 H - a +1 great sword of holy wrath
 M - a +2 scimitar of holy wrath
Missiles
 F - 4 throwing nets (quivered)
Armour
 c - a +0 buckler (worn)
 r - a +0 pair of boots (worn)
 t - a +0 pair of gloves (worn)
 y - a scarf of resistance (worn)
 D - the +8 chain mail "Bajemm" (worn) {Stlth+}
   (You found it on level 7 of the Dungeon)

   Stlth:     It makes you more stealthy.
 K - a +2 kite shield
 S - the +2 hat "Akhupyv" (worn) {Int+3}
   (Okawaru gifted it to you on level 2 of the Lair of Beasts)

   Int:       It affects your intelligence (+3).
Jewellery
 e - a ring of protection from cold (left hand)
 u - a ring of fire
 v - a ring of protection from fire
 G - a ring of poison resistance (right hand)
 Q - a ring of magical power
Wands
 J - a wand of polymorph (2)
 L - a wand of digging (7)
 N - a wand of roots (6)
 P - a wand of flame (6)
Scrolls
 f - 2 scrolls of amnesia
 g - a scroll of immolation
 m - a scroll of butterflies
 n - 2 scrolls of blinking
 o - 3 scrolls of enchant weapon
 s - 6 scrolls of teleportation
 w - 2 scrolls of enchant armour
 z - a scroll of fear
 B - 3 scrolls of vulnerability
 C - 2 scrolls of poison {unknown}
 E - 3 scrolls of magic mapping
Potions
 d - a potion of might
 h - 3 potions of lignification {unknown}
 i - 6 potions of curing
 k - 4 potions of heal wounds
 l - a potion of degeneration {unknown}
 p - 3 potions of haste {unknown}
 q - a potion of cancellation {unknown}
 x - 3 potions of invisibility
 A - 4 potions of flight
 I - 2 potions of mutation {unknown}
 O - a potion of attraction {unknown}
 R - 6 potions of brilliance


   Skills:
 + Level 12.5 Fighting
 * Level 16.7 Long Blades
 + Level 12.4 Armour
 - Level 5.0 Shields


You had 11 spell levels left.
You didn't know any spells.
Your spell library contained the following spells:

 Spells                   Type           Power      Damage    Failure   Level
 Magic Dart               Conj           0%         1d3       94%         1
 Ensorcelled Hibernation  Hex/Ice        0%         N/A       98%         2
 Passwall                 Tmut/Erth      0%         N/A       98%         2
 Searing Ray              Conj           0%         2d4       98%         2
 Mephitic Cloud           Conj/Pois/Air  0%         N/A       100%        3
 Swiftness                Air            0%         N/A       100%        3
 Cause Fear               Hex            0%         N/A       100%        4
 Fulminant Prism          Conj/Hex       0%         3d5       100%        4
 Alistair's Intoxication  Tmut/Pois      0%         N/A       100%        5
 Borgnjor's Vile Clutch   Necr/Erth      0%         N/A       100%        5
 Eringya's Noxious Bog    Tmut/Pois      0%         N/A       100%        6
 Dragon Form              Tmut           0%         N/A       100%        7
 Call Imp                 Summ           Unusable   N/A       N/A         2
 Dragon's Call            Summ           Unusable   N/A       N/A         9

Dungeon Overview and Level Annotations

Branches:
Dungeon (9/15)             Temple (1/1) D:5            Lair (3/5) D:9
 Shoals (0/4) Lair:2       Spider (0/4) Lair:2
    Orc: D:9-12

Altars:
Ashenzari
Cheibriados
Dithmenos
Elyvilon
Gozag
Hepliaklqana
Kikubaaqudgha
Makhleb
Nemelex Xobeh
Okawaru
Qazlal
Ru
Sif Muna
Trog
Uskayaw
Vehumet
Wu Jian
Xom
Yredelemnul
Zin
The Shining One

Annotations:
Lair:1 3 runed translucent doors, patfeehan111222's ghost, journeyman MiBe


Innate Abilities, Weirdness & Mutations

You have a pair of horns on your head.
You reflexively headbutt those who attack you in melee.


Message History

You resist with some effort.
The five-headed hydra bites you but does no damage.
The five-headed hydra barely misses you.
The five-headed hydra bites you but does no damage. x3
The basilisk bites you.
* * * LOW HITPOINT WARNING * * *
The five-headed hydra bites you but does no damage.
The five-headed hydra completely misses you.
The five-headed hydra bites you.
* * * LOW HITPOINT WARNING * * *
The five-headed hydra bites you.
* * * LOW HITPOINT WARNING * * *
The five-headed hydra bites you but does no damage.
The basilisk bites you!
* * * LOW HITPOINT WARNING * * *
The five-headed hydra bites you!
* * * LOW HITPOINT WARNING * * *
The five-headed hydra bites you!
* * * LOW HITPOINT WARNING * * *
The five-headed hydra bites you but does no damage. x2
The five-headed hydra bites you. The basilisk bites you.
* * * LOW HITPOINT WARNING * * *
The five-headed hydra bites you.
* * * LOW HITPOINT WARNING * * *
The five-headed hydra bites you but does no damage.
The five-headed hydra bites you.
* * * LOW HITPOINT WARNING * * *
The five-headed hydra bites you.
* * * LOW HITPOINT WARNING * * *
The five-headed hydra bites you but does no damage.
The basilisk gazes at you. You resist with some effort.
The five-headed hydra bites you.
* * * LOW HITPOINT WARNING * * *
The five-headed hydra bites you but does no damage.
The five-headed hydra bites you.
* * * LOW HITPOINT WARNING * * *
The five-headed hydra bites you but does no damage.
The five-headed hydra bites you!
You die...

### ##### #######
#####.######.P.###.##.#.
#.......................
##...##..###..........#..
#..######.#.......##.##.#
#P.#....@l.#......####.##
#...#...D.#......###...##
##.##......+......P#...P#
#..##.....##...........##
##.'......#............##
#..##.###.#.....P.######
#..#####.....>..##### #
#(...............##.####
#.......................


You could see a five-headed hydra and a basilisk.

Vanquished Creatures
  Harold (Lair:1)
  An ice dragon (Lair:2)
  A hydra (Lair:2)
  Amaemon (Lair:1)
  Pikel (D:6)
  A black mamba (Lair:1)
  An orange demon (Lair:1)
  A gargoyle (D:7)
  8 cane toads
  Maggie (Lair:2)
  4 komodo dragons
  A rime drake (Lair:1)
  A meliai (Lair:2)
  A troll (D:6)
  Grinder (D:4)
  7 blink frogs (Lair:2)
  Sigmund (D:6)
  17 yaks
  A basilisk (Lair:2)
  A steam dragon (D:8)
  11 water moccasins
  4 black bears
  3 ice beasts
  An ogre (D:5)
  7 centaurs
  7 wolves
  2 lemures (D:6)
  2 phantoms (D:5)
  2 bullfrogs
  2 necrophages
  3 gnoll sergeants
  A scorpion (D:5)
  4 wights (D:9)
  9 killer bees
  2 howler monkeys (D:5)
  6 hounds
  Crazy Yiuf (D:2)
  A gnoll bouda (D:9)
  A jelly (D:5)
  2 orc priests
  4 orc wizards
  6 iguanas
  29 gnolls
  5 adders
  4 white imps
  An ufetubus (D:5)
  2 worms
  2 dart slugs
  16 orcs
  9 ball pythons
  An endoplasm (D:3)
  2 giant cockroaches
  3 goblins
  9 hobgoblins
  A quokka (D:4)
  6 bats
  3 frilled lizards
  5 kobolds
  5 rats
236 creatures vanquished.

Vanquished Creatures (others)
  A butterfly (D:6)
  11 fungi
  10 plants
22 creatures vanquished.

Grand Total: 258 creatures vanquished

Notes
Turn   | Place    | Note
-------+----------+-------------------------------------------
     0 | D:1      | boo the Minotaur Fighter began the quest for the Orb.
     0 | D:1      | Reached XP level 1. HP: 19/19 MP: 0/0
   330 | D:1      | Reached XP level 2. HP: 27/27 MP: 1/1
   467 | D:1      | Reached skill level 3 in Long Blades
   756 | D:2      | Found a faded altar of an unknown god.
   783 | D:2      | Reached XP level 3. HP: 25/33 MP: 2/2
  1441 | D:2      | Reached XP level 4. HP: 40/40 MP: 3/3
  1481 | D:2      | Found a runed translucent door.
  1482 | D:2      | Noticed Crazy Yiuf
  1799 | D:2      | Killed Crazy Yiuf
  1800 | D:2      | Reached skill level 4 in Long Blades
  1931 | D:3      | Reached XP level 5. HP: 47/47 MP: 4/4
  2216 | D:3      | Found a sacrificial altar of Ru.
  2376 | D:3      | Found a broken altar of Ashenzari.
  2611 | D:4      | Noticed a centaur
  2623 | D:4      | Reached skill level 5 in Long Blades
  2625 | D:4      | Killed a centaur
  2626 | D:4      | Reached skill level 5 in Fighting
  2626 | D:4      | Reached skill level 5 in Armour
  2626 | D:4      | Reached XP level 6. HP: 47/56 MP: 5/5
  2635 | D:4      | Reached skill level 5 in Shields
  2813 | D:4      | Reached skill level 6 in Long Blades
  2863 | D:4      | Reached XP level 7. HP: 44/61 MP: 6/6
  3238 | D:4      | Noticed Grinder
  3364 | D:4      | Paralysed by Grinder for 4 turns
  3374 | D:4      | Paralysed by Grinder for 2 turns
  3385 | D:4      | Killed Grinder
  3386 | D:4      | Reached skill level 7 in Long Blades
  3812 | D:5      | Entered Level 5 of the Dungeon
  4141 | D:5      | Reached XP level 8. HP: 71/71 MP: 7/7
  4147 | D:5      | Reached skill level 8 in Long Blades
  4304 | D:5      | Found a staircase to the Ecumenical Temple.
  4315 | Temple   | Entered the Ecumenical Temple
  5075 | D:5      | Reached skill level 9 in Long Blades
  5225 | D:5      | Reached skill level 10 in Long Blades
  5225 | D:5      | Reached XP level 9. HP: 80/80 MP: 8/8
  5335 | D:5      | Found a glowing silver altar of Zin.
  5420 | D:6      | Noticed a troll
  5426 | D:6      | Killed a troll
  5522 | D:6      | Found a white marble altar of Elyvilon.
  5551 | D:6      | Noticed Pikel
  5592 | D:6      | Killed Pikel
  5593 | D:6      | Reached skill level 11 in Long Blades
  5795 | D:6      | Noticed Sigmund
  5806 | D:6      | Killed Sigmund
  5833 | D:6      | Found an iron altar of Okawaru.
  5861 | D:6      | Became a worshipper of Warmaster Okawaru
  6124 | D:6      | Found a radiant altar of Vehumet.
  6344 | D:7      | Noticed a gargoyle
  6356 | D:7      | Reached skill level 12 in Long Blades
  6368 | D:7      | Killed a gargoyle
  6368 | D:7      | Reached * piety under Okawaru
  6369 | D:7      | Reached XP level 10. HP: 49/91 MP: 9/9
  6676 | D:7      | Identified the +8 chain mail "Bajemm" {Stlth+}
  6680 | D:7      | Identified the +3 leather armour "Osmuemm" {Dex+2}
  6924 | D:8      | Found an ornate altar of the Wu Jian Council.
  7341 | D:8      | Found a shimmering blue altar of Sif Muna.
  7588 | D:9      | Reached ** piety under Okawaru
  7601 | D:9      | Reached skill level 13 in Long Blades
  7617 | D:9      | Reached skill level 10 in Fighting
  7695 | D:9      | Found a staircase to the Lair.
  7714 | D:9      | Reached skill level 10 in Armour
  8223 | D:9      | Found a snail-covered altar of Cheibriados.
  8567 | Lair:1   | Entered Level 1 of the Lair of Beasts
  8569 | Lair:1   | Noticed a cane toad
  8578 | Lair:1   | Killed a cane toad
  8646 | Lair:1   | Noticed a black mamba
  8661 | Lair:1   | Killed a black mamba
  8664 | Lair:1   | Reached *** piety under Okawaru
  8753 | Lair:1   | Reached skill level 14 in Long Blades
  8946 | Lair:1   | Reached XP level 11. HP: 101/101 MP: 10/10
  9140 | Lair:1   | Reached **** piety under Okawaru
  9389 | Lair:1   | Found a runed translucent gate.
  9453 | Lair:1   | Found a runed translucent gate.
  9454 | Lair:1   | Found a runed translucent gate.
  9456 | Lair:1   | Noticed patfeehan111222's ghost (journeyman MiBe)
  9490 | Lair:1   | Noticed Harold
  9511 | Lair:1   | Killed Harold
  9574 | Lair:1   | Noticed Amaemon
  9587 | Lair:1   | Killed Amaemon
  9588 | Lair:1   | Reached skill level 15 in Long Blades
 10030 | Lair:1   | Reached ***** piety under Okawaru
 11045 | Lair:2   | Reached skill level 16 in Long Blades
 11379 | Lair:2   | Found a hole to the Spider Nest.
 11446 | Lair:2   | Reached XP level 12. HP: 93/112 MP: 11/11
 11539 | Lair:2   | Found a staircase to the Shoals.
 11544 | Lair:2   | Noticed a six-headed hydra
 11780 | Lair:2   | Noticed Maggie
 11806 | Lair:2   | Killed Maggie
 11806 | Lair:2   | Identified the +2 hat "Akhupyv" {Int+3} (Okawaru gifted it
                  | to you on level 2 of the Lair of Beasts)
 11806 | Lair:2   | Received a gift from Okawaru
 12202 | Lair:2   | Noticed an ice dragon
 12241 | Lair:2   | Killed an ice dragon
 12581 | Lair:2   | Killed a one-headed hydra
 12774 | Lair:3   | Noticed an eight-headed hydra
 12778 | Lair:3   | Noticed an eight-headed hydra
 12800 | Lair:2   | HP: 3/113 [five-headed hydra (3)]
 12800 | Lair:2   | Slain by a five-headed hydra

Illustrated notes

Levels and vault maps discovered:
D:1:      dpeg_arrival_boxes_within_box, layout_basic
D:2:      layout_basic, nicolae_ecumenical_pavilion, uniq_crazy_yiuf_cottage
D:3:      layout_rooms, mainiacjoe_overflow_tiny_flanked,
          ashenzari_conservatory_becter
D:4:      layout_cave_pools, uniq_grinder
D:5:      minmay_polygon_palace, layout_basic, mainiacjoe_overflow_alcove_4,
          minmay_temple_entry_tees
D:6:      layout_basic, overflow_temple_1_default,
          nicolae_elyvilon_peaceful_grove, mainiacjoe_overflow_catwalk,
          uniq_pikel, uniq_sigmund
D:7:      layout_cave_pools, minmay_manual_mail
D:8:      layout_gridville, nicolae_wu_jian_wuxing_cycle, kennysheep_little_box
D:9:      layout_big_octagon, lemuel_crystal_altar
Temple:   minmay_temple_forest_path
Lair:1:   layout_loops_ring, gammafunk_ghost_necromancy, uniq_amaemon,
          uniq_harold
Lair:2:   dragon1_lemuel, layout_regular_city, elwin_shoals_entry_rocks,
          hellmonk_spider_entry_not_the_bees, lemuel_fruit_tree, uniq_maggie
Lair:3:   layout_cave_pods, grunt_megastairs_3

Skill      XL: |  1  2  3  4  5  6  7  8  9 10 11 |
---------------+----------------------------------+-----
Long Blades    | 3 4 5 6 7 10 12 14 16 | 16.7
Fighting       | 4 5 6 7 9 10 12 | 12.5
Armour         | 4 5 6 7 9 10 12 | 12.4
Shields        | 4 5 |  5.0

Action                     |  1- 3 |  4- 6 |  7- 9 | 10-12 || total
---------------------------+-------+-------+-------+-------++-------
  Melee: Long sword        |    75 |       |       |       ||    75
         Headbutt          |    11 |    13 |    39 |   127 ||   190
         Demon blade       |    15 |    92 |   274 |   545 ||   926
         Scimitar          |       |       |       |    12 ||    12
  Throw: Throwing net      |       |       |       |     2 ||     2
 Invoke: Heroism           |       |       |       |     9 ||     9
    Use: Potion            |       |     2 |       |       ||     2
         Scroll            |       |       |     6 |     7 ||    13
 Armour: Scale mail        |    10 |       |       |       ||    10
         Plate armour      |    47 |    75 |   189 |     7 ||   318
         Chain mail        |       |       |       |   334 ||   334
  Dodge: Dodged            |    24 |    28 |    72 |   180 ||   304
  Block: Buckler           |    23 |    18 |    78 |   111 ||   230

Table legend: (Time is in decaauts)
 A = Elapsed time spent in this place.
 B = Non-inter-level travel time spent in this place.
 C = Inter-level travel time spent in this place.
 D = Time resting spent in this place.
 E = Time spent auto-exploring this place.
 F = Levels seen in this place.
 G = Mean time per level.
                   A        B        C        D        E       F      G
               +--------+--------+--------+--------+--------+-----+--------+
         Total |  12621 |  11937 |    684 |   3832 |   6246 |  13 |  970.8 |
       Dungeon |   8395 |   7817 |    578 |   2084 |   4445 |   9 |  932.8 |
        Temple |    361 |    338 |     23 |      0 |    327 |   1 |  361.0 |
          Lair |   3864 |   3782 |     82 |   1748 |   1473 |   3 | 1288.0 |
               +--------+--------+--------+--------+--------+-----+--------+

Top non-repeatable levels by time:
  Lair:1: 2057 daAuts
  Lair:2: 1784 daAuts
     D:5: 1289 daAuts
     D:2: 1165 daAuts
     D:9: 1148 daAuts
     D:4: 1069 daAuts
     D:6: 916 daAuts
     D:3: 903 daAuts
     D:1: 763 daAuts
     D:7: 608 daAuts
     D:8: 530 daAuts
  Temple: 361 daAuts
  Lair:3: 22 daAuts
